 Dungeon Crawl Stone Soup version 0.26.0-20-g3ca415f5b8 (webtiles) character file.

Game seed: 609366434453814200

5903 kaeus the Destroyer (level 10, 0/50 HPs)
             Began as a Gargoyle Fire Elementalist on Jan 24, 2021.
             Was a Believer of the Shining One.
             Slain by a starcursed mass (3 damage)
             ... while paralysed by accursed screaming
             ... on level 1 of the Abyss.
             The game lasted 00:22:06 (12056 turns).

kaeus the Destroyer (Gargoyle Fire Elementalist)   Turns: 12056, Time: 00:22:06

Health: 0/50       AC: 21    Str: 12    XL:     10   Next: 82%
Magic:  11/20      EV:  2    Int: 19    God:    the Shining One [**....]
Gold:   656        SH:  0    Dex: 12    Spells: 12/22 levels left

rFire    . . .     SeeInvis .   u - +9 whip of Pain and Death {flame, Dex+2}
rCold    . . .     Faith    +   (no shield)
rNeg     + + +     Spirit   .   C - +0 swamp dragon scales
rPois    ∞         Reflect  .   g - +1 helmet
rElec    +         Harm     .   B - +1 cloak "Yhuchu" {rN+}
rCorr    .         Rampage  .   (no gloves)
Will     .....                  m - +2 pair of boots
Stlth    +.........             A - amulet of faith
HPRegen  0.16/turn              (no ring)
MPRegen  0.17/turn              (no ring)

@: paralysed, about to teleport, flying, very slightly contaminated, glowing,
invisible (but backlit and visible)
A: negative energy resistance 1, electricity resistance, unbreathing,
petrification resistance, miasma immunity, AC +7
a: Renounce Religion, Divine Shield


You were on level 1 of the Abyss.
You worshipped the Shining One.
The Shining One was pleased with you.
You visited 2 branches of the dungeon, and saw 10 of its levels.
You visited the Abyss 1 time.
You also visited: Sewer.

You collected 656 gold pieces.

Inventory:

Hand Weapons
 e - a +1 dagger of speed
 t - a +1 short sword of venom
 u - the +9 whip of Pain and Death (weapon) {flame, Dex+2}
   (You found it on level 6 of the Dungeon)

   It has been specially enchanted to burn those struck by it, causing extra
   injury to most foes and up to half again as much damage against particularly
   susceptible opponents.
   It affects your dexterity (+2).
Armour
 g - a +1 helmet (worn)
 m - a +2 pair of boots (worn)
 B - the +1 cloak "Yhuchu" (worn) {rN+}
   (You found it on level 4 of the Dungeon)

   It protects you from negative energy.
 C - +0 swamp dragon scales (worn)
 K - the +1 leather armour "Joivvaka" {*Contam Harm rN++ Regen+}
   (You found it on level 1 of the Abyss)

   It greatly protects you from negative energy.
   It causes magical contamination when unequipped.
   It increases your rate of regeneration.
   It increases damage dealt and taken.
Jewellery
 A - an amulet of faith (around neck)
Wands
 r - a wand of polymorph (8)
 y - a wand of flame (29)
 G - a wand of paralysis (3)
 I - a wand of iceblast (7)
Scrolls
 a - a scroll of amnesia
 d - 5 scrolls of remove curse
 j - 4 scrolls of immolation
 k - 2 scrolls of teleportation
 n - a scroll of magic mapping {unknown}
 p - 2 scrolls of fear
 x - 3 scrolls of blinking {unknown}
 D - a scroll of acquirement {unknown}
 E - a scroll of fog {unknown}
 H - a scroll of enchant armour
Potions
 b - 2 potions of curing {unknown}
 c - 2 potions of magic {unknown}
 f - a potion of might {unknown}
 h - 2 potions of ambrosia {unknown}
 l - 2 potions of invisibility
 o - 4 potions of haste {unknown}
 q - 3 potions of attraction
 v - 2 potions of flight
 w - a potion of degeneration {unknown}
 z - 2 potions of brilliance {unknown}
 F - a potion of mutation {unknown}
Miscellaneous
 J - a phial of floods


   Skills:
 - Level 1.5 Dodging
 - Level 2.1 Stealth
 + Level 6.7 Spellcasting
 * Level 11.0 Conjurations
 * Level 10.5 Fire Magic


You had 12 spell levels left.
You knew the following spells:

 Your Spells              Type           Power        Failure   Level
a - Foxfire               Conj/Fire      100%         1%          1
b - Sticky Flame          Conj/Fire      47%          2%          4
c - Fireball              Conj/Fire      23%          8%          5

Your spell library contained the following spells:

 Spells                   Type           Power        Failure   Level
 Conjure Flame            Conj/Fire      47%          1%          3
 Dazzling Flash           Conj/Hex       54%          8%          3
 Inner Flame              Hex/Fire       26%          9%          3
 Ignite Poison            Fire/Tmut/Pois 19%          17%         3
 Corona                   Hex            6%           24%         1
 Ensorcelled Hibernation  Hex/Ice        12%          34%         2
 Confusing Touch          Hex            6%           56%         3
 Tukima's Dance           Hex            6%           56%         3
 Irradiate                Conj/Tmut      13%          56%         5
 Petrify                  Tmut/Erth      6%           93%         4
 Alistair's Intoxication  Tmut/Pois      4%           100%        5
 Eringya's Noxious Bog    Tmut/Pois      3%           100%        6
 Sublimation of Blood     Necr           Unusable     N/A         2

Dungeon Overview and Level Annotations

Branches:
Dungeon (9/15)             Temple (1/1) D:6            Lair (0/6) D:8
  Sewer (visited)
    Orc: D:9-12

Altars:
Ashenzari
Cheibriados
Dithmenos
Elyvilon
Fedhas
Gozag
Hepliaklqana
Kikubaaqudgha
Makhleb
Nemelex Xobeh
Okawaru
Qazlal
Ru
Sif Muna
Trog
Uskayaw
Wu Jian
Xom
Yredelemnul
Zin
The Shining One

Annotations:
D:8 3 runed translucent doors, Demosthentine's ghost, novice FoFi; Psyche


Innate Abilities, Weirdness & Mutations

You are resistant to torment.
Your stone body is resilient. (AC +7)
You are immune to poison.
You resist negative energy. (rN+)
You are resistant to electric shocks. (rElec)
You can survive without breathing.
You are immune to petrification.
You are immune to miasma.


Message History

A starcursed mass splits. x2
You take 6 damage, and have 27/50 hp.
It was a potion of flight.
You feel very buoyant.
You fly up into the air.
The starcursed mass engulfs you but does no damage.
The starcursed mass closely misses you.
The starcursed mass engulfs you but does no damage.
It was a potion of invisibility.
You become transparent, but the glow from your halo prevents you from becoming completely invisible.
The starcursed mass engulfs you but does no damage.
A cacophony of accursed wailing tears at your sanity!
You suddenly lose the ability to move!
The starcursed mass engulfs you!
* * * LOW HITPOINT WARNING * * *
The starcursed mass engulfs you but does no damage.
You are very lightly contaminated with residual magic.
The starcursed mass engulfs you!
* * * LOW HITPOINT WARNING * * *
A starcursed mass splits.
The starcursed mass engulfs you.
You die...

.## ##### #. .
#...# ######.
# #.#.... ....
#.#.
#.X.#...####..
... ##.##
....X . .#
.##...#.# #.
.# ###X###.##
# #.#
#.@XXXX.## #
#. ###X.#X##
.# #...#.# #
#...# #.
..##.# ##.# ##
.. # .. .#. #
.. #. . # .
#.. .#


You could see 8 starcursed masses.

Vanquished Creatures
  Harold (D:7)
  A thrashing horror (Abyss:1)
  A smoke demon (Abyss:1)
  Maggie (D:7)
  A komodo dragon (D:8)
  Prince Ribbit (D:5)
  Grinder (D:6)
  A wyvern (D:8)
  A shadow (Abyss:1)
  A small abomination (Abyss:1)
  A chaos spawn (Abyss:1)
  Edmund (D:5)
  Menkaure (D:6)
  2 water moccasins
  A phantom (D:6)
  An orc warrior (D:5)
  A sky beast (D:7)
  A black bear (D:8)
  An ogre (D:8)
  4 bullfrogs
  2 scorpions
  4 wights (D:6)
  4 howler monkeys
  A bullfrog zombie (D:9)
  6 hounds
  A quasit (D:7)
  2 centaur skeletons (D:7)
  Natasha (thrice) (D:3)
  6 orc wizards
  5 worker ants
  A hound skeleton (D:3)
  A gnoll (D:1)
  19 adders
  A shadow imp (D:7)
  3 white imps
  3 ufetubi
  10 oozes (Sewer)
  2 worms
  2 dart slugs
  21 leopard geckos
  25 orcs
  10 ball pythons
  19 giant cockroaches
  5 goblins
  15 hobgoblins
  7 jackals
  7 bats
  20 frilled lizards
  A jackal zombie (D:5)
  8 kobolds
  A leopard gecko skeleton (D:4)
  A quokka skeleton (D:5)
  9 rats
249 creatures vanquished.

Vanquished Creatures (collateral kills)
  6 foxfires (D:8)
6 creatures vanquished.

Vanquished Creatures (others)
  5 dream sheep (D:4)
  842 foxfires
  3 plants (D:8)
  4 starspawn tentacles (Abyss:1)
854 creatures vanquished.

Grand Total: 1109 creatures vanquished

Notes
Turn   | Place    | Note
-------+----------+-------------------------------------------
     0 | D:1      | kaeus the Gargoyle Fire Elementalist began the quest for
                  | the Orb.
     0 | D:1      | Reached XP level 1. HP: 10/10 MP: 3/3
   611 | D:1      | Reached XP level 2. HP: 13/15 MP: 1/5
   792 | D:1      | Reached skill level 2 in Conjurations
   899 | D:1      | Reached XP level 3. HP: 19/19 MP: 4/6
  1732 | D:2      | Found a blossoming altar of Fedhas.
  1737 | D:2      | Found a snail-covered altar of Cheibriados.
  1863 | D:2      | Reached XP level 4. HP: 24/24 MP: 2/7
  2118 | D:2      | Found a shimmering altar of Xom.
  2119 | D:2      | Found a hazy altar of Hepliaklqana.
  2120 | D:2      | Noticed a spectral ugly thing
  2280 | D:2      | Found a faded altar of an unknown god.
  2679 | D:2      | Reached skill level 3 in Conjurations
  3250 | D:3      | Reached XP level 5. HP: 27/28 MP: 7/9
  3592 | D:3      | Found a snail-covered altar of Cheibriados.
  3865 | D:3      | Noticed Natasha
  3871 | D:3      | Killed Natasha
  3909 | D:3      | Reached skill level 4 in Conjurations
  3909 | D:3      | Reached XP level 6. HP: 32/32 MP: 2/10
  3993 | D:3      | Noticed Natasha
  4017 | D:3      | Killed Natasha
  4338 | D:3      | Noticed Natasha
  4351 | D:3      | Killed Natasha
  4705 | D:4      | Reached skill level 5 in Fire Magic
  4819 | D:4      | Found a stormy altar of Qazlal.
  5010 | D:4      | Got a warped cloak
  5021 | D:4      | Identified the +1 cloak "Yhuchu" {rN+} (You found it on
                  | level 4 of the Dungeon)
  5111 | D:4      | Reached XP level 7. HP: 36/36 MP: 8/12
  5149 | D:4      | Found a glowing silver altar of Zin.
  5275 | D:4      | Noticed a dream sheep
  5275 | D:4      | Noticed a dream sheep
  5275 | D:4      | Noticed a dream sheep
  5275 | D:4      | Noticed a dream sheep
  5275 | D:4      | Noticed a dream sheep
  5275 | D:4      | Found a shimmering altar of Xom.
  5277 | D:4      | Killed a dream sheep
  5278 | D:4      | Reached skill level 5 in Conjurations
  5278 | D:4      | Killed a dream sheep
  5282 | D:4      | Killed a dream sheep
  5282 | D:4      | Killed a dream sheep
  5282 | D:4      | Killed a dream sheep
  5484 | D:5      | Entered Level 5 of the Dungeon
  5584 | D:5      | Found a glowing drain.
  5589 | D:5      | Noticed Prince Ribbit
  5593 | Sewer    | Entered a sewer
  6503 | Sewer    | Reached skill level 6 in Conjurations
  6516 | Sewer    | Reached XP level 8. HP: 41/41 MP: 1/13
  6643 | D:5      | Killed Prince Ribbit
  7066 | D:5      | Found a sacrificial altar of Ru.
  7066 | D:5      | Noticed Edmund
  7085 | D:5      | Learned a level 4 spell: Sticky Flame
  7093 | D:5      | Killed Edmund
  7094 | D:5      | Reached skill level 7 in Conjurations
  7617 | D:6      | Found an opulent altar of Gozag.
  7637 | D:6      | Found a staircase to the Ecumenical Temple.
  7714 | D:6      | Noticed Menkaure
  8034 | D:6      | Got a fine whip
  8035 | D:6      | Identified the +9 whip of Pain and Death {flame, Dex+2}
                  | (You found it on level 6 of the Dungeon)
  8121 | D:6      | Reached XP level 9. HP: 45/45 MP: 10/16
  8380 | D:6      | Noticed Grinder
  8392 | D:6      | Killed Grinder
  8393 | D:6      | Reached skill level 5 in Spellcasting
  8393 | D:6      | Reached skill level 8 in Conjurations
  8556 | Temple   | Entered the Ecumenical Temple
  8644 | Temple   | Became a worshipper of the Shining One
  8733 | D:6      | Killed Menkaure
  9182 | D:7      | Reached * piety under the Shining One
  9191 | D:7      | Noticed Maggie
  9207 | D:7      | Killed Maggie
  9230 | D:7      | Learned a level 5 spell: Fireball
  9429 | D:7      | Reached skill level 9 in Conjurations
  9621 | D:7      | Found an iron altar of Okawaru.
  9858 | D:7      | Noticed Harold
  9877 | D:7      | Paralysed by Harold for 7 turns
  9892 | D:7      | The Shining One protects you from harm!
  9893 | D:7      | Killed Harold
  9894 | D:7      | Reached XP level 10. HP: 14/50 MP: 3/19
 10230 | D:8      | Found a runed translucent gate.
 10231 | D:8      | Found a runed translucent gate.
 10240 | D:8      | Reached skill level 10 in Conjurations
 10303 | D:8      | Noticed Demosthentine's ghost (novice FoFi)
 10338 | D:8      | Found a staircase to the Lair.
 10691 | D:8      | Found a shadowy altar of Dithmenos.
 10716 | D:8      | Found a sparkling altar of Nemelex Xobeh.
 10849 | D:8      | Found a runed translucent gate.
 11156 | D:9      | Reached ** piety under the Shining One
 11391 | D:9      | Noticed Psyche
 11578 | D:8      | Cast into level 1 of the Abyss (Psyche)
 11591 | Abyss:1  | Found a corrupted altar of Lugonu.
 11621 | Abyss:1  | Got an amethyst-studded leather armour
 11622 | Abyss:1  | Identified the +1 leather armour "Joivvaka" {*Contam Harm
                  | rN++ Regen+} (You found it on level 1 of the Abyss)
 11688 | Abyss:1  | Reached skill level 10 in Fire Magic
 11777 | Abyss:1  | Found a burning altar of Makhleb.
 11793 | Abyss:1  | Noticed a +2 vampiric hand axe
 11861 | Abyss:1  | Noticed a green ugly thing
 11875 | Abyss:1  | Noticed an apocalypse crab
 11974 | Abyss:1  | Noticed a smoke demon
 11989 | Abyss:1  | Killed a smoke demon
 11993 | Abyss:1  | Noticed a thrashing horror
 12011 | Abyss:1  | Killed a thrashing horror
 12012 | Abyss:1  | Reached skill level 11 in Conjurations
 12012 | Abyss:1  | Noticed a tentacled starspawn
 12034 | Abyss:1  | Noticed a starcursed mass
 12041 | Abyss:1  | Noticed a starcursed mass
 12055 | Abyss:1  | Paralysed by accursed screaming for 2 turns
 12056 | Abyss:1  | Slain by a starcursed mass

Illustrated notes

Levels and vault maps discovered:
D:1:      sevenhm_arrival_forest_fort_large_4, layout_loops_ring,
          minmay_hexomino_f4
D:2:      minmay_razor_zed, layout_loops_ring, regret_index_temple_of_mockery,
          grunt_temple_overflow_open, chequers_ecumenical_altar_simple_redux
D:3:      layout_basic, cheibriados_altar_1, uniq_natasha
D:4:      layout_loops_ring, nicolae_qazlal_general_emergency, zin_academy,
          kb_xom_exploding_sheep
D:5:      layout_basic, nicolae_ru_awakened_eye, cheibrodos_sewer_entry_drain,
          uniq_edmund, uniq_prince_ribbit1
D:6:      layout_gridville, old_standard_altar, minmay_temple_entry_glass,
          uniq_grinder, uniq_menkaure
D:7:      layout_rooms, okawaru_ov_weapons_minmay, uniq_maggie, uniq_harold
D:8:      layout_cave_pools, nicolae_overflow_crystal_walls,
          nemelex_xobeh_ov_fountains_minmay, david_lair_shrubbed,
          gammafunk_ghost_split
D:9:      layout_cave_pools, vehumet_altar_wand_db, grunt_ministairs_11,
          minmay_bent, uniq_psyche, uniq_pikel
Temple:   compressed_dpeg_circular_temple
Abyss:1:  base: D:1, hangedman_decor_peaks_small

Skill      XL: |  1  2  3  4  5  6  7  8  9 10 |
---------------+-------------------------------+-----
Conjurations   | 2 3 4 6 7 9 11 | 11.0
Fire Magic     | 4 5 6 7 9 10 | 10.5
Spellcasting   | 3 4 6 |  6.7
Dodging        | |  1.5
Stealth        | |  2.1

Action                   |  1- 3 |  4- 6 |  7- 9 | 10-12 || total
-------------------------+-------+-------+-------+-------++-------
Melee: Dagger            |    14 |    47 |       |       ||    61
       Unarmed           |     2 |       |       |       ||     2
       Short sword       |       |    19 |    89 |       ||   108
       Whip              |       |       |    61 |    43 ||   104
 Cast: Foxfire           |    54 |   143 |   261 |    77 ||   535
       Sticky Flame      |       |       |     5 |     5 ||    10
       Fireball          |       |       |       |     2 ||     2
  Use: Scroll            |     5 |     1 |     4 |     6 ||    16
       Potion            |       |       |       |     5 ||     5
Armor: Robe              |     9 |    21 |    75 |       ||   105
       Swamp dragon scal |       |       |    33 |    69 ||   102
Dodge: Dodged            |    17 |    29 |   145 |    34 ||   225
